AoeStats
← ROKETSAN YeniCeri

Arabia

503230160Analyzed
2v2 RM · 1mo ago on Aug 30, 2026· 45m 18s· 4 players
Game mode
Random Map
Map size
Medium (4 player)
Population
200
Speed
Normal
Resources
Standard
Victory
Conquest
Starting age
Dark Age
Ending age
Imperial Age
RankedLock teamsTeams togetherTeam positionsShared explorationLock speedFull tech treeHidden civsTurbo modeCheats
Victory
Defeat
🇷🇴 Burgundians · Romania
862
+17
🇷🇴 Cumans · Romania
833
+19
🇺🇦 Slavs · Ukraine
898
-18
🇩🇪 Turks · Germany
886
-18
d_j_D_F
0:40 Loom
13:17 Feudal Age
14:09 Horse Collar
14:20 Double-Bit Axe
14:33 Town Watch
17:16 Stone Mining
18:51 Gold Mining
23:13 Wheelbarrow
22:57 Fletching
23:17 Forging
24:27 Scale Mail Armor
28:42 Castle Age
29:33 Squires
28:53 Pikeman
29:53 Hand Cart
31:50 Bodkin Arrow
32:08 Masonry
33:15 Chain Mail Armor
34:33 Murder Holes
35:28 Gold Shaft Mining
35:36 Town Patrol
36:15 Fortified Wall
37:35 Ballistics
37:26 Scale Barding Armor
38:48 Iron Casting
39:57 Chain Barding Armor
40:51 Detinets
ROKETSAN YeniCeri
1:19 Loom
13:09 Feudal Age
19:59 Castle Age
33:17 Sanctity
THE SUSPECT
10:12 Loom
12:10 Feudal Age
13:14 Gold Mining
16:33 Horse Collar
22:09 Castle Age
20:00 Double-Bit Axe
20:17 Stone Mining
22:08 Wheelbarrow
22:25 Bloodlines
23:27 Heavy Plow
24:20 Gold Shaft Mining
25:25 Thumb Ring
26:50 Hand Cart
29:32 Fletching
29:42 Padded Archer Armor
34:18 Bodkin Arrow
34:39 Leather Archer Armor
37:52 Imperial Age
37:30 Ballistics
37:34 Steppe Husbandry
38:35 Caravan
39:05 Conscription
39:10 Loom
39:59 Heavy Cavalry Archer
41:04 Parthian Tactics
42:39 Ring Archer Armor
45:57 Chemistry
44:54 Murder Holes
45:05 Elite Steppe Lancer
George Droyd
10:37 Feudal Age
20:03 Double-Bit Axe
20:00 Horse Collar
21:52 Wheelbarrow
26:06 Castle Age
24:16 Heavy Plow
24:28 Bow Saw
24:12 Stone Mining
26:26 Cavalier
29:28 Husbandry
30:17 Gold Mining
32:20 Hand Cart
33:11 Two-Man Saw
32:41 Scale Barding Armor
32:47 Forging
33:27 Crop Rotation
34:46 Chain Barding Armor
35:14 Gold Shaft Mining
38:48 Iron Casting
39:29 Loom
44:54 Imperial Age
Connection lost

Rejoining the realm…

Still unreachable

The connection could not be restored.

Session expired

The server has moved on; the page needs a fresh start.